Workbook
Name ¿Quiénes_están_inscritos_dentro_del_sistema__incluye_desinscr___: #REF!
Name ¿Quiénes_están_inscritos_dentro_del_sistema__incluye_desinscr___: #REF!
Name ¿Quiénes_están_inscritos_dentro_del_sistema__incluye_desinscr___: #REF!
Name ¿Quiénes_están_inscritos_dentro_del_sistema__incluye_desinscr___: #REF!
Name ¿Quiénes_están_inscritos_dentro_del_sistema__incluye_desinscr___: #REF!
Name ¿Quiénes_están_inscritos_dentro_del_sistema__incluye_desinscr___: #REF!
Name ¿Quiénes_están_inscritos_dentro_del_sistema__incluye_desinscr___: #REF!
Name ¿Quiénes_están_inscritos_dentro_del_sistema__incluye_desinscr___: #REF!
Name ¿Quiénes_están_inscritos_dentro_del_sistema__incluye_desinscr___: #REF!
Name ¿Quiénes_están_inscritos_dentro_del_sistema__incluye_desinscr___: #REF!
Name ActividadRE: #REF!
Name ActividadRE: #REF!
Name ActividadRE: #REF!
Name ActividadRE: #REF!
Name ActividadRE: #REF!
Name ActividadRE: #REF!
Name ActividadRE: #REF!
Name ActividadRE: #REF!
Name ActividadRE: #REF!
Name ActividadRE: #REF!
Name ALMUERZO: '[1]Resumen Preparaciones'!$C$52:$C$113
Name almuerzocena: '[1]Resumen Preparaciones'!$C$52:$C$141
Name Calidad: [2]PERSONAL!$P$58
Name Campamento: [2]PERSONAL!$P$122
Name CostoDirectoObra: #REF!
Name CostoDirectoObra: #REF!
Name CostoDirectoObra: #REF!
Name CostoDirectoObra: #REF!
Name CostoDirectoObra: #REF!
Name CostoDirectoObra: #REF!
Name CostoDirectoObra: #REF!
Name CostoDirectoObra: #REF!
Name CostoDirectoObra: #REF!
Name CostoDirectoObra: #REF!
Name CuantostieneEdSuperior: #REF!
Name CuantostieneEdSuperior: #REF!
Name CuantostieneEdSuperior: #REF!
Name CuantostieneEdSuperior: #REF!
Name CuantostieneEdSuperior: #REF!
Name CuantostieneEdSuperior: #REF!
Name CuantostieneEdSuperior: #REF!
Name CuantostieneEdSuperior: #REF!
Name CuantostieneEdSuperior: #REF!
Name CuantostieneEdSuperior: #REF!
Name Decision: [3]lista!$A$6:$A$7
Name Decision: [3]lista!$A$6:$A$7
Name Decision: [3]lista!$A$6:$A$7
Name Decision: [4]lista!$A$6:$A$7
Name Dedicacion: '[5]Tal Humano'!#REF!
Name Dedicacion: '[5]Tal Humano'!#REF!
Name Dedicacion: '[5]Tal Humano'!#REF!
Name Dedicacion: '[5]Tal Humano'!#REF!
Name Dedicacion: '[5]Tal Humano'!#REF!
Name Dedicacion: '[5]Tal Humano'!#REF!
Name Dedicacion: '[5]Tal Humano'!#REF!
Name Dedicacion: '[5]Tal Humano'!#REF!
Name Dedicacion: '[5]Tal Humano'!#REF!
Name Dedicacion: '[5]Tal Humano'!#REF!
Name desayuno: '[1]Resumen Preparaciones'!$C$5:$C$50
Name DESAYUNOS: '[1]Resumen Preparaciones'!$C$5:$C$33

Sheet INFO GENERAL Y FINANCIERA
B8: Formato Información General Y Financiera De Proveedores
B10: Ciudad | E10: Fecha Dd/mm/aa | G10: Persona Natural
G11: Persona Juridica
B12: 1. Información General
B13: 1.1. Identificación.
B14: Personas naturales | C14: Nombre Comercial | F14: Nombres y Apellidos | H14: Cédula
B16: Personas juridicas | C16: Razón Social | F16: NIT | H16: DV
B18: Dirección | F18: Teléfono | G18: Fax | H18: Ciudad
B20: Pagina Web | F20: Años de Constitucion | G20: Sector al que pertenece
B22: 1.2. Personas De Contacto
B23: Gerente General | D23: E-mail | F23: Telefono | G23: Ext. | H23: Celular
B25: Director Comercial | D25: E-mail | F25: Telefono | G25: Ext. | H25: Celular
B27: Asesor Comercial | D27: E-mail | F27: Telefono | G27: Ext. | H27: Celular
B29: 1.3. Productos Y Servicios Inscritos En El Rup De Acuerdo Con El Unspsc
B30: Incluir Listado Con Breve Descripción De Los Produtos Y/o Servicios Que Ofrece La Compañía, Registrados En El Rup (agregue Las Filas Necesarias) | H30: Código de Naciones Unidas
B36: 1.4. Códigos CIIU | H36: 1.5. Número De Empleados
B37: Código De Actividad | C37: Descripción Actividad Económica CIIU | G37: Tarifa ICA
B41: 2. Información Financiera - A Diciembre 31 De 2013
B42: Nombre Del Indicador | E42: Cuenta | F42: Valores En Pesos | G42: Indicador
B43: Capacidad Financiera | C43: indice De Liquidez | E43: Activo Corriente --> | G43: =+IFERROR(F43/F44,0) -> 0 | H43: Veces
E44: Pasivo Corriente -->
C45: Indice De Endeudamiento | E45: Pasivo Total--> | G45: =+IFERROR(F45/F46,0) -> 0 | H45: Porcentaje
E46: Activo Total-->
C47: Razón De Cobertura De Intereses | E47: Utilidad Operacional--> | G47: =+IFERROR(F47/F48,0) -> 0 | H47: Veces
E48: Gastos De Interes-->
B49: Capacidad Organizacional | C49: Rentabilidad Del Patrimonio | E49: Utilidad Operacional--> | G49: =+IFERROR(F49/F50,0) -> 0 | H49: Porcentaje
E50: Patrimonio-->
C51: Rentabilidad Del Activo | E51: Utilidad Operacional--> | G51: =+IFERROR(F51/F52,0) -> 0 | H51: Porcentaje
E52: Activo Total-->
B53: Nota: Para las empresas inspeccionadas, vigiladas o controladas por la Supersociedades, la información consignada en este numeral sera validada con la reportada a la Supersociedades y disponible para consulta en Intenet mediante el Sistema de Información y Riesgo Empresarial de la Supersociedades (SIREM). Si se evidencian diferencias en los valores consignados en este formato y los reportados a la Supersociedades se tomará como referencia la información del SIREM.
B54: Otra informacion relevante de la empresa (consigne en este espacio otra información que considere de interés)

Sheet C.Z. CODAZZI
B8: SOLICITUD DE COTIZACIÓN
B10: EMPRESA: | E10: NIT: | G10: FECHA:
B11: CONTACTO | E11: CARGO: | G11: TEL. CELULAR :
B12: E-MAIL: | E12: DIRECCIÓN: | G12: TELEFONO FIJO:
B14: Instrucciones para el diligenciamiento del formato de cotización
B15: • Por favor diligenciar solo las celdas en AMARILLO. Se deben llenar todas las casillas. • Revisar todos los requerimientos que se exponen en los documentos Fichas de Condiciones Técnicas (FCT) y Anexos; y formular su cotización en concordancia con este. • El valor de la cotización deber ser expresado en PESOS COLOMBIANOS. • Los valores unitarios deberán aproximarse por exceso o por defecto al entero más cercano. Si la cifra no está aproximada y aparece con centavos, el ICBF aproximará al entero inferior. • No modificar, agregar o quitar ningún ítem o sub-ítem.
B16: Notas generales: Nota (3) Administración y Utilidad: Establecer los porcentajes que correspondan a estos dos factores. Con respecto a la Administración, incluir en éste los costos correspondientes a demás costos indirectos relacionados en el contrato, entre ellos se deben tener en cuenta las pólizas para la legalización del contrato, gastos de oficina, papelería, gravamen al impuesto financiero (4 x mil) e imprevistos.
B18: Realizar la interventoría técnica, administrativa, financiero, ambiental y social al contrato cuyo objeto es “La ampliación del Centro Zonal Codazzi en el Departamento del Cesar”
B19: Notas especificas: Nota (1) El plazo de ejecución estimado es de 5 meses. Ver numeral 9 del documento Ficha de condiciones Técnicas (FCT). Nota (2) Talento Humano: Revisar el documento FCT y Anexo N°4 - Perfiles Mínimos Requeridos.
B21: Tiempo de ejecución (meses) --> | E21: 5 | F21: (Nota 1)
B23: CATEGORÍA DE COSTO | C23: CARGO (Nota 2) | E23: Personas Requeridas | F23: % En el proyecto | G23: Valor mes (honorarios o salarios mensuales) | H23: Costo Total (Periodo de ejecución)
B24: TALENTO HUMANO | C24: Director de la Interventoría | E24: 1 | F24: 0.3 | H24: =+ROUND((E24*F24*G24*$E$21),0) -> 0
C25: Residente de obra de la Interventoría | E25: 1 | F25: 1 | H25: =+ROUND((E25*F25*G25*$E$21),0) -> 0
C26: Especialista Estructural | E26: 1 | F26: 0.2 | H26: =+ROUND((E26*F26*G26*$E$21),0) -> 0
C27: Profesional de calidad | E27: 1 | F27: 0.2 | H27: =+ROUND((E27*F27*G27*$E$21),0) -> 0
C28: Profesional de seguridad industrial | E28: 1 | F28: 0.2 | H28: =+ROUND((E28*F28*G28*$E$21),0) -> 0
C29: Ingeniero Hidraulico | E29: 1 | F29: 0.2 | H29: =+ROUND((E29*F29*G29*$E$21),0) -> 0
C30: Ingeniero Electrico | E30: 1 | F30: 0.2 | H30: =+ROUND((E30*F30*G30*$E$21),0) -> 0
C31: Ingeniero de Costos y presupuestos | E31: 1 | F31: 0.2 | H31: =+ROUND((E31*F31*G31*$E$21),0) -> 0
B32: VALOR TOTAL TALENTO HUMANO | H32: =+SUM(H24:H31) -> 0
B35: CATEGORÍA DE COSTO | C35: CONCEPTO | G35: Porcentaje % | H35: Costo Total
B36: Administración y Utilidad (Nota 3) | C36: Administración | H36: =+$H$32*G36 -> 0
C37: Utilidad | H37: =+$H$32*G37 -> 0
B38: TOTAL ADMINISTRACIÓN Y UTILIDAD | H38: =+SUM(H36:H37) -> 0
B40: SUBTOTAL 1 = (TALENTO HUMANO + ADMINISTRACIÓN + UTILIDAD) | H40: =+H32+H38 -> 0
B42: CATEGORÍA DE COSTO | C42: CONCEPTO | G42: Porcentaje | H42: Costo Total
B43: IMPUESTOS | C43: ICA | G43: 0.0069 | H43: =+G43*H40 -> 0
C44: IVA | G44: 0.16 | H44: =+H40*G44 -> 0
B45: TOTAL IMPUESTOS | H45: =+SUM(H43:H44) -> 0
B47: TOTAL COTIZACIÓN | H47: =+H40+H45 -> 0
B49: La presente cotización:
B50: • Incluye todos los costos y gastos directos e indirectos en que debe incurrir el contratista durante la ejecución del contrato de acuerdo con las especificaciones de la Ficha de Condiciones Técnicas, las obligaciones tributarias de acuerdo con las normas aplicables para el tipo de servicio y contrato correspondiente, y los costos de las pólizas. • Se remite como parte del estudio de mercado, previo a la contratación, y no implica ninguna obligación de contratar. • Tiene una vigencia de 90 días a partir de la fecha de diligenciamiento.
B51: Inscripción en el Registro Único de Proponentes: Las personas naturales y jurídicas, nacionales o extranjeras, con domicilio en Colombia, interesadas en participar en procesos de contratación convocados por las entidades estatales, deben estar inscritas en el RUP, salvo las excepciones previstas de forma taxativa en la ley (Artículo 8 del Decreto 1510 de 2013). Se aclara que esta inscripción no se requiere para remitir cotización durante el estudio de mercado.

Sheet C.Z. FUSAGASUGÁ
B8: SOLICITUD DE COTIZACIÓN
B10: EMPRESA: | C10: =+'C.Z. CODAZZI'!C10 -> 0 | E10: NIT: | F10: =+'C.Z. CODAZZI'!F10 -> 0 | G10: FECHA: | H10: =+'C.Z. CODAZZI'!H10 -> 0
B11: CONTACTO | C11: =+'C.Z. CODAZZI'!C11 -> 0 | E11: CARGO: | F11: =+'C.Z. CODAZZI'!F11 -> 0 | G11: TEL. CELULAR : | H11: =+'C.Z. CODAZZI'!H11 -> 0
B12: E-MAIL: | C12: =+'C.Z. CODAZZI'!C12 -> 0 | E12: DIRECCIÓN: | F12: =+'C.Z. CODAZZI'!F12 -> 0 | G12: TELEFONO FIJO: | H12: =+'C.Z. CODAZZI'!H12 -> 0
B14: Instrucciones para el diligenciamiento del formato de cotización
B15: • Por favor diligenciar solo las celdas en AMARILLO. Se deben llenar todas las casillas. • Revisar todos los requerimientos que se exponen en los documentos Fichas de Condiciones Técnicas (FCT) y Anexos; y formular su cotización en concordancia con este. • El valor de la cotización deber ser expresado en PESOS COLOMBIANOS. • Los valores unitarios deberán aproximarse por exceso o por defecto al entero más cercano. Si la cifra no está aproximada y aparece con centavos, el ICBF aproximará al entero inferior. • No modificar, agregar o quitar ningún ítem o sub-ítem.
B16: Notas generales: Nota (3) Administración y Utilidad: Establecer los porcentajes que correspondan a estos dos factores. Con respecto a la Administración, incluir en éste los costos correspondientes a demás costos indirectos relacionados en el contrato, entre ellos se deben tener en cuenta las pólizas para la legalización del contrato, gastos de oficina, papelería, gravamen al impuesto financiero (4 x mil) e imprevistos.
B18: Realizar la interventoría técnica, administrativa, financiera, ambiental y social al contrato cuyo objeto es “La Construcción del Centro Zonal Fusagasugá en el Departamento de Cundinamarca”
B19: Notas especificas: Nota (1) El plazo de ejecución estimado es de 8 meses. Ver numeral 9 del documento Ficha de condiciones Técnicas (FCT). Nota (2) Talento Humano: Revisar el documento FCT y Anexo N°4 - Perfiles Mínimos Requeridos.
B21: Tiempo de ejecución (meses) --> | E21: 8 | F21: (Nota 1)
B23: CATEGORÍA DE COSTO | C23: CARGO (Nota 2) | E23: Personas Requeridas | F23: % En el proyecto | G23: Valor mes (honorarios o salarios mensuales) | H23: Costo Total (Periodo de ejecución)
B24: TALENTO HUMANO | C24: Director de la Interventoría | E24: 1 | F24: 0.3 | H24: =+ROUND((E24*F24*G24*$E$21),0) -> 0
C25: Residente de obra de la Interventoría | E25: 1 | F25: 1 | H25: =+ROUND((E25*F25*G25*$E$21),0) -> 0
C26: Especialista Estructural | E26: 1 | F26: 0.2 | H26: =+ROUND((E26*F26*G26*$E$21),0) -> 0
C27: Profesional de calidad | E27: 1 | F27: 0.2 | H27: =+ROUND((E27*F27*G27*$E$21),0) -> 0
C28: Profesional de seguridad industrial | E28: 1 | F28: 0.25 | H28: =+ROUND((E28*F28*G28*$E$21),0) -> 0
C29: Ingeniero Hidraulico | E29: 1 | F29: 0.2 | H29: =+ROUND((E29*F29*G29*$E$21),0) -> 0
C30: Ingeniero Electrico | E30: 1 | F30: 0.25 | H30: =+ROUND((E30*F30*G30*$E$21),0) -> 0
C31: Ingeniero de Costos y presupuestos | E31: 1 | F31: 0.2 | H31: =+ROUND((E31*F31*G31*$E$21),0) -> 0
B32: VALOR TOTAL TALENTO HUMANO | H32: =+SUM(H24:H31) -> 0
B35: CATEGORÍA DE COSTO | C35: CONCEPTO | G35: Porcentaje % | H35: Costo Total
B36: Administración y Utilidad (Nota 3) | C36: Administración | H36: =+H32*G36 -> 0
C37: Utilidad | H37: =+H32*G37 -> 0
B38: TOTAL ADMINISTRACIÓN Y UTILIDAD | H38: =+SUM(H36:H37) -> 0
B40: SUBTOTAL 1 = (TALENTO HUMANO + ADMINISTRACIÓN + UTILIDAD) | H40: =+H32+H38 -> 0
B42: CATEGORÍA DE COSTO | C42: CONCEPTO | G42: Porcentaje | H42: Costo Total
B43: IMPUESTOS | C43: ICA | G43: 0.0069 | H43: =+G43*H40 -> 0
C44: IVA | G44: 0.16 | H44: =+H40*G44 -> 0
B45: TOTAL IMPUESTOS | H45: =+SUM(H43:H44) -> 0
B47: TOTAL COTIZACIÓN | H47: =+H40+H45 -> 0
B49: La presente cotización:
B50: • Incluye todos los costos y gastos directos e indirectos en que debe incurrir el contratista durante la ejecución del contrato de acuerdo con las especificaciones de la Ficha de Condiciones Técnicas, las obligaciones tributarias de acuerdo con las normas aplicables para el tipo de servicio y contrato correspondiente, y los costos de las pólizas. • Se remite como parte del estudio de mercado, previo a la contratación, y no implica ninguna obligación de contratar. • Tiene una vigencia de 90 días a partir de la fecha de diligenciamiento.
B51: Inscripción en el Registro Único de Proponentes: Las personas naturales y jurídicas, nacionales o extranjeras, con domicilio en Colombia, interesadas en participar en procesos de contratación convocados por las entidades estatales, deben estar inscritas en el RUP, salvo las excepciones previstas de forma taxativa en la ley (Artículo 8 del Decreto 1510 de 2013). Se aclara que esta inscripción no se requiere para remitir cotización durante el estudio de mercado.

Sheet C.Z. GALAN
B8: SOLICITUD DE COTIZACIÓN
B10: EMPRESA: | C10: =+'C.Z. CODAZZI'!C10 -> 0 | E10: NIT: | F10: =+'C.Z. CODAZZI'!F10 -> 0 | G10: FECHA: | H10: =+'C.Z. CODAZZI'!H10 -> 0
B11: CONTACTO | C11: =+'C.Z. CODAZZI'!C11 -> 0 | E11: CARGO: | F11: =+'C.Z. CODAZZI'!F11 -> 0 | G11: TEL. CELULAR : | H11: =+'C.Z. CODAZZI'!H11 -> 0
B12: E-MAIL: | C12: =+'C.Z. CODAZZI'!C12 -> 0 | E12: DIRECCIÓN: | F12: =+'C.Z. CODAZZI'!F12 -> 0 | G12: TELEFONO FIJO: | H12: =+'C.Z. CODAZZI'!H12 -> 0
B14: Instrucciones para el diligenciamiento del formato de cotización
B15: • Por favor diligenciar solo las celdas en AMARILLO. Se deben llenar todas las casillas. • Revisar todos los requerimientos que se exponen en los documentos Fichas de Condiciones Técnicas (FCT) y Anexos; y formular su cotización en concordancia con este. • El valor de la cotización deber ser expresado en PESOS COLOMBIANOS. • Los valores unitarios deberán aproximarse por exceso o por defecto al entero más cercano. Si la cifra no está aproximada y aparece con centavos, el ICBF aproximará al entero inferior. • No modificar, agregar o quitar ningún ítem o sub-ítem.
B16: Notas generales: Nota (3) Administración y Utilidad: Establecer los porcentajes que correspondan a estos dos factores. Con respecto a la Administración, incluir en éste los costos correspondientes a demás costos indirectos relacionados en el contrato, entre ellos se deben tener en cuenta las pólizas para la legalización del contrato, gastos de oficina, papelería, gravamen al impuesto financiero (4 x mil) e imprevistos.
B18: Realizar la interventoría técnica, administrativa, financiero, ambiental y social al contrato cuyo objeto es “La ampliación del Centro Zonal Galán en el municipio de Ibagué en el Departamento del Tolima”
B19: Notas especificas: Nota (1) El plazo de ejecución estimado es de 6 meses. Ver numeral 9 del documento Ficha de condiciones Técnicas (FCT). Nota (2) Talento Humano: Revisar el documento FCT y Anexo N°4 - Perfiles Mínimos Requeridos.
B21: Tiempo de ejecución (meses) --> | E21: 6 | F21: (Nota 1)
B23: CATEGORÍA DE COSTO | C23: CARGO (Nota 2) | E23: Personas Requeridas | F23: % En el proyecto | G23: Valor mes (honorarios o salarios mensuales) | H23: Costo Total (Periodo de ejecución)
B24: TALENTO HUMANO | C24: Director de la Interventoría | E24: 1 | F24: 0.3 | H24: =+ROUND((E24*F24*G24*$E$21),0) -> 0
C25: Residente de obra de la Interventoría | E25: 1 | F25: 1 | H25: =+ROUND((E25*F25*G25*$E$21),0) -> 0
C26: Especialista Estructural | E26: 1 | F26: 0.3 | H26: =+ROUND((E26*F26*G26*$E$21),0) -> 0
C27: Profesional de calidad | E27: 1 | F27: 0.2 | H27: =+ROUND((E27*F27*G27*$E$21),0) -> 0
C28: Profesional de seguridad industrial | E28: 1 | F28: 0.25 | H28: =+ROUND((E28*F28*G28*$E$21),0) -> 0
C29: Ingeniero Hidraulico | E29: 1 | F29: 0.2 | H29: =+ROUND((E29*F29*G29*$E$21),0) -> 0
C30: Ingeniero Electrico | E30: 1 | F30: 0.25 | H30: =+ROUND((E30*F30*G30*$E$21),0) -> 0
C31: Ingeniero de Costos y presupuestos | E31: 1 | F31: 0.2 | H31: =+ROUND((E31*F31*G31*$E$21),0) -> 0
B32: VALOR TOTAL TALENTO HUMANO | H32: =+SUM(H24:H31) -> 0
B35: CATEGORÍA DE COSTO | C35: CONCEPTO | G35: Porcentaje % | H35: Costo Total
B36: Administración y Utilidad (Nota 3) | C36: Administración | H36: =+$H$32*G36 -> 0
C37: Utilidad | H37: =+$H$32*G37 -> 0
B38: TOTAL ADMINISTRACIÓN Y UTILIDAD | H38: =+SUM(H36:H37) -> 0
B40: SUBTOTAL 1 = (TALENTO HUMANO + ADMINISTRACIÓN + UTILIDAD) | H40: =+H32+H38 -> 0
B42: CATEGORÍA DE COSTO | C42: CONCEPTO | G42: Porcentaje | H42: Costo Total
B43: IMPUESTOS | C43: ICA | G43: 0.0069 | H43: =+G43*H40 -> 0
C44: IVA | G44: 0.16 | H44: =+H40*G44 -> 0
B45: TOTAL IMPUESTOS | H45: =+SUM(H43:H44) -> 0
B47: TOTAL COTIZACIÓN | H47: =+H40+H45 -> 0
B49: La presente cotización:
B50: • Incluye todos los costos y gastos directos e indirectos en que debe incurrir el contratista durante la ejecución del contrato de acuerdo con las especificaciones de la Ficha de Condiciones Técnicas, las obligaciones tributarias de acuerdo con las normas aplicables para el tipo de servicio y contrato correspondiente, y los costos de las pólizas. • Se remite como parte del estudio de mercado, previo a la contratación, y no implica ninguna obligación de contratar. • Tiene una vigencia de 90 días a partir de la fecha de diligenciamiento.
B51: Inscripción en el Registro Único de Proponentes: Las personas naturales y jurídicas, nacionales o extranjeras, con domicilio en Colombia, interesadas en participar en procesos de contratación convocados por las entidades estatales, deben estar inscritas en el RUP, salvo las excepciones previstas de forma taxativa en la ley (Artículo 8 del Decreto 1510 de 2013). Se aclara que esta inscripción no se requiere para remitir cotización durante el estudio de mercado.

Sheet C.Z. GIRARDOT
B8: SOLICITUD DE COTIZACIÓN
B10: EMPRESA: | C10: =+'C.Z. CODAZZI'!C10 -> 0 | E10: NIT: | F10: =+'C.Z. CODAZZI'!F10 -> 0 | G10: FECHA: | H10: =+'C.Z. CODAZZI'!H10 -> 0
B11: CONTACTO | C11: =+'C.Z. CODAZZI'!C11 -> 0 | E11: CARGO: | F11: =+'C.Z. CODAZZI'!F11 -> 0 | G11: TEL. CELULAR : | H11: =+'C.Z. CODAZZI'!H11 -> 0
B12: E-MAIL: | C12: =+'C.Z. CODAZZI'!C12 -> 0 | E12: DIRECCIÓN: | F12: =+'C.Z. CODAZZI'!F12 -> 0 | G12: TELEFONO FIJO: | H12: =+'C.Z. CODAZZI'!H12 -> 0
B14: Instrucciones para el diligenciamiento del formato de cotización
B15: • Por favor diligenciar solo las celdas en AMARILLO. Se deben llenar todas las casillas. • Revisar todos los requerimientos que se exponen en los documentos Fichas de Condiciones Técnicas (FCT) y Anexos; y formular su cotización en concordancia con este. • El valor de la cotización deber ser expresado en PESOS COLOMBIANOS. • Los valores unitarios deberán aproximarse por exceso o por defecto al entero más cercano. Si la cifra no está aproximada y aparece con centavos, el ICBF aproximará al entero inferior. • No modificar, agregar o quitar ningún ítem o sub-ítem.
B16: Notas generales: Nota (3) Administración y Utilidad: Establecer los porcentajes que correspondan a estos dos factores. Con respecto a la Administración, incluir en éste los costos correspondientes a demás costos indirectos relacionados en el contrato, entre ellos se deben tener en cuenta las pólizas para la legalización del contrato, gastos de oficina, papelería, gravamen al impuesto financiero (4 x mil) e imprevistos.
B18: Realizar la interventoría técnica, administrativa, financiero ambiental y social al contrato cuyo objeto es “La Construcción del Centro Zonal Girardot en el Departamento de Cundinamarca”
B19: Notas especificas: Nota (1) El plazo de ejecución estimado es de 8 meses. Ver numeral 9 del documento Ficha de condiciones Técnicas (FCT). Nota (2) Talento Humano: Revisar el documento FCT y Anexo N°4 - Perfiles Mínimos Requeridos.
B20: ,
B21: Tiempo de ejecución (meses) --> | E21: 8 | F21: (Nota 1)
B23: CATEGORÍA DE COSTO | C23: CARGO (Nota 2) | E23: Personas Requeridas | F23: % En el proyecto | G23: Valor mes (honorarios o salarios mensuales) | H23: Costo Total (Periodo de ejecución)
B24: TALENTO HUMANO | C24: Director de la Interventoría | E24: 1 | F24: 0.3 | H24: =+ROUND((E24*F24*G24*$E$21),0) -> 0
C25: Residente de obra de la Interventoría | E25: 1 | F25: 1 | H25: =+ROUND((E25*F25*G25*$E$21),0) -> 0
C26: Especialista Estructural | E26: 1 | F26: 0.3 | H26: =+ROUND((E26*F26*G26*$E$21),0) -> 0
C27: Profesional de calidad | E27: 1 | F27: 0.2 | H27: =+ROUND((E27*F27*G27*$E$21),0) -> 0
C28: Profesional de seguridad industrial | E28: 1 | F28: 0.25 | H28: =+ROUND((E28*F28*G28*$E$21),0) -> 0
C29: Ingeniero Hidraulico | E29: 1 | F29: 0.2 | H29: =+ROUND((E29*F29*G29*$E$21),0) -> 0
C30: Ingeniero Electrico | E30: 1 | F30: 0.25 | H30: =+ROUND((E30*F30*G30*$E$21),0) -> 0
C31: Ingeniero de Costos y presupuestos | E31: 1 | F31: 0.2 | H31: =+ROUND((E31*F31*G31*$E$21),0) -> 0
B32: VALOR TOTAL TALENTO HUMANO | H32: =+SUM(H24:H31) -> 0
B35: CATEGORÍA DE COSTO | C35: CONCEPTO | G35: Porcentaje % | H35: Costo Total
B36: Administración y Utilidad (Nota 3) | C36: Administración | H36: =+$H$32*G36 -> 0
C37: Utilidad | H37: =+$H$32*G37 -> 0
B38: TOTAL ADMINISTRACIÓN Y UTILIDAD | H38: =+SUM(H36:H37) -> 0
B40: SUBTOTAL 1 = (TALENTO HUMANO + ADMINISTRACIÓN + UTILIDAD) | H40: =+H32+H38 -> 0
B42: CATEGORÍA DE COSTO | C42: CONCEPTO | G42: Porcentaje | H42: Costo Total
B43: IMPUESTOS | C43: ICA | G43: 0.0069 | H43: =+G43*H40 -> 0
C44: IVA | G44: 0.16 | H44: =+H40*G44 -> 0
B45: TOTAL IMPUESTOS | H45: =+SUM(H43:H44) -> 0
B47: TOTAL COTIZACIÓN | H47: =+H40+H45 -> 0
B49: La presente cotización:
B50: • Incluye todos los costos y gastos directos e indirectos en que debe incurrir el contratista durante la ejecución del contrato de acuerdo con las especificaciones de la Ficha de Condiciones Técnicas, las obligaciones tributarias de acuerdo con las normas aplicables para el tipo de servicio y contrato correspondiente, y los costos de las pólizas. • Se remite como parte del estudio de mercado, previo a la contratación, y no implica ninguna obligación de contratar. • Tiene una vigencia de 90 días a partir de la fecha de diligenciamiento.
B51: Inscripción en el Registro Único de Proponentes: Las personas naturales y jurídicas, nacionales o extranjeras, con domicilio en Colombia, interesadas en participar en procesos de contratación convocados por las entidades estatales, deben estar inscritas en el RUP, salvo las excepciones previstas de forma taxativa en la ley (Artículo 8 del Decreto 1510 de 2013). Se aclara que esta inscripción no se requiere para remitir cotización durante el estudio de mercado.

Sheet C.Z. LA MOJANA
B8: SOLICITUD DE COTIZACIÓN
B10: EMPRESA: | C10: =+'C.Z. CODAZZI'!C10 -> 0 | E10: NIT: | F10: =+'C.Z. CODAZZI'!F10 -> 0 | G10: FECHA: | H10: =+'C.Z. CODAZZI'!H10 -> 0
B11: CONTACTO | C11: =+'C.Z. CODAZZI'!C11 -> 0 | E11: CARGO: | F11: =+'C.Z. CODAZZI'!F11 -> 0 | G11: TEL. CELULAR : | H11: =+'C.Z. CODAZZI'!H11 -> 0
B12: E-MAIL: | C12: =+'C.Z. CODAZZI'!C12 -> 0 | E12: DIRECCIÓN: | F12: =+'C.Z. CODAZZI'!F12 -> 0 | G12: TELEFONO FIJO: | H12: =+'C.Z. CODAZZI'!H12 -> 0
B14: Instrucciones para el diligenciamiento del formato de cotización
B15: • Por favor diligenciar solo las celdas en AMARILLO. Se deben llenar todas las casillas. • Revisar todos los requerimientos que se exponen en los documentos Fichas de Condiciones Técnicas (FCT) y Anexos; y formular su cotización en concordancia con este. • El valor de la cotización deber ser expresado en PESOS COLOMBIANOS. • Los valores unitarios deberán aproximarse por exceso o por defecto al entero más cercano. Si la cifra no está aproximada y aparece con centavos, el ICBF aproximará al entero inferior. • No modificar, agregar o quitar ningún ítem o sub-ítem.
B16: Notas generales: Nota (3) Administración y Utilidad: Establecer los porcentajes que correspondan a estos dos factores. Con respecto a la Administración, incluir en éste los costos correspondientes a demás costos indirectos relacionados en el contrato, entre ellos se deben tener en cuenta las pólizas para la legalización del contrato, gastos de oficina, papelería, gravamen al impuesto financiero (4 x mil) e imprevistos.
B18: Realizar la interventoría técnica, administrativa, financiero, ambiental y social al contrato cuyo objeto es “La Construcción del Centro Zonal Sucre en la zona de la Mojana municipio de Majagual en el Departamento de Sucre”
B19: Notas especificas: Nota (1) El plazo de ejecución estimado es de 5 meses. Ver numeral 9 del documento Ficha de condiciones Técnicas (FCT). Nota (2) Talento Humano: Revisar el documento FCT y Anexo N°4 - Perfiles Mínimos Requeridos.
B21: Tiempo de ejecución (meses) --> | E21: 7 | F21: (Nota 1)
B23: CATEGORÍA DE COSTO | C23: CARGO (Nota 2) | E23: Personas Requeridas | F23: % En el proyecto | G23: Valor mes (honorarios o salarios mensuales) | H23: Costo Total (Periodo de ejecución)
B24: TALENTO HUMANO | C24: Director de la Interventoría | E24: 1 | F24: 0.3 | H24: =+ROUND((E24*F24*G24*$E$21),0) -> 0
C25: Residente de obra de la Interventoría | E25: 1 | F25: 1 | H25: =+ROUND((E25*F25*G25*$E$21),0) -> 0
C26: Especialista Estructural | E26: 1 | F26: 0.3 | H26: =+ROUND((E26*F26*G26*$E$21),0) -> 0
C27: Profesional de calidad | E27: 1 | F27: 0.2 | H27: =+ROUND((E27*F27*G27*$E$21),0) -> 0
C28: Profesional de seguridad industrial | E28: 1 | F28: 0.25 | H28: =+ROUND((E28*F28*G28*$E$21),0) -> 0
C29: Ingeniero Hidraulico | E29: 1 | F29: 0.2 | H29: =+ROUND((E29*F29*G29*$E$21),0) -> 0
C30: Ingeniero Electrico | E30: 1 | F30: 0.25 | H30: =+ROUND((E30*F30*G30*$E$21),0) -> 0
C31: Ingeniero de Costos y presupuestos | E31: 1 | F31: 0.2 | H31: =+ROUND((E31*F31*G31*$E$21),0) -> 0
B32: VALOR TOTAL TALENTO HUMANO | H32: =+SUM(H24:H31) -> 0
B35: CATEGORÍA DE COSTO | C35: CONCEPTO | G35: Porcentaje % | H35: Costo Total
B36: Administración y Utilidad (Nota 3) | C36: Administración | H36: =+$H$32*G36 -> 0
C37: Utilidad | H37: =+$H$32*G37 -> 0
B38: TOTAL ADMINISTRACIÓN Y UTILIDAD | H38: =+SUM(H36:H37) -> 0
B40: SUBTOTAL 1 = (TALENTO HUMANO + ADMINISTRACIÓN + UTILIDAD) | H40: =+H32+H38 -> 0
B42: CATEGORÍA DE COSTO | C42: CONCEPTO | G42: Porcentaje | H42: Costo Total
B43: IMPUESTOS | C43: ICA | G43: 0.0069 | H43: =+G43*H40 -> 0
C44: IVA | G44: 0.16 | H44: =+H40*G44 -> 0
B45: TOTAL IMPUESTOS | H45: =+SUM(H43:H44) -> 0
B47: TOTAL COTIZACIÓN | H47: =+H40+H45 -> 0
B49: La presente cotización:
B50: • Incluye todos los costos y gastos directos e indirectos en que debe incurrir el contratista durante la ejecución del contrato de acuerdo con las especificaciones de la Ficha de Condiciones Técnicas, las obligaciones tributarias de acuerdo con las normas aplicables para el tipo de servicio y contrato correspondiente, y los costos de las pólizas. • Se remite como parte del estudio de mercado, previo a la contratación, y no implica ninguna obligación de contratar. • Tiene una vigencia de 90 días a partir de la fecha de diligenciamiento.
B51: Inscripción en el Registro Único de Proponentes: Las personas naturales y jurídicas, nacionales o extranjeras, con domicilio en Colombia, interesadas en participar en procesos de contratación convocados por las entidades estatales, deben estar inscritas en el RUP, salvo las excepciones previstas de forma taxativa en la ley (Artículo 8 del Decreto 1510 de 2013). Se aclara que esta inscripción no se requiere para remitir cotización durante el estudio de mercado.

Sheet C.Z. NORTE
B8: SOLICITUD DE COTIZACIÓN
B10: EMPRESA: | C10: =+'C.Z. CODAZZI'!C10 -> 0 | E10: NIT: | F10: =+'C.Z. CODAZZI'!F10 -> 0 | G10: FECHA: | H10: =+'C.Z. CODAZZI'!H10 -> 0
B11: CONTACTO | C11: =+'C.Z. CODAZZI'!C11 -> 0 | E11: CARGO: | F11: =+'C.Z. CODAZZI'!F11 -> 0 | G11: TEL. CELULAR : | H11: =+'C.Z. CODAZZI'!H11 -> 0
B12: E-MAIL: | C12: =+'C.Z. CODAZZI'!C12 -> 0 | E12: DIRECCIÓN: | F12: =+'C.Z. CODAZZI'!F12 -> 0 | G12: TELEFONO FIJO: | H12: =+'C.Z. CODAZZI'!H12 -> 0
B14: Instrucciones para el diligenciamiento del formato de cotización
B15: • Por favor diligenciar solo las celdas en AMARILLO. Se deben llenar todas las casillas. • Revisar todos los requerimientos que se exponen en los documentos Fichas de Condiciones Técnicas (FCT) y Anexos; y formular su cotización en concordancia con este. • El valor de la cotización deber ser expresado en PESOS COLOMBIANOS. • Los valores unitarios deberán aproximarse por exceso o por defecto al entero más cercano. Si la cifra no está aproximada y aparece con centavos, el ICBF aproximará al entero inferior. • No modificar, agregar o quitar ningún ítem o sub-ítem.
B16: Notas generales: Nota (3) Administración y Utilidad: Establecer los porcentajes que correspondan a estos dos factores. Con respecto a la Administración, incluir en éste los costos correspondientes a demás costos indirectos relacionados en el contrato, entre ellos se deben tener en cuenta las pólizas para la legalización del contrato, gastos de oficina, papelería, gravamen al impuesto financiero (4 x mil) e imprevistos.
B18: Realizar la interventoría técnica, administrativa, financiero, ambiental y social al contrato cuyo objeto es “La ampliación del Centro Zonal Norte en el municipio de Salamina - Departamento de Caldas”
B19: Notas especificas: Nota (1) El plazo de ejecución estimado es de 5 meses. Ver numeral 9 del documento Ficha de condiciones Técnicas (FCT). Nota (2) Talento Humano: Revisar el documento FCT y Anexo N°4 - Perfiles Mínimos Requeridos.
B21: Tiempo de ejecución (meses) --> | E21: 5 | F21: (Nota 1)
B23: CATEGORÍA DE COSTO | C23: CARGO (Nota 2) | E23: Personas Requeridas | F23: % En el proyecto | G23: Valor mes (honorarios o salarios mensuales) | H23: Costo Total (Periodo de ejecución)
B24: TALENTO HUMANO | C24: Director de la Interventoría | E24: 1 | F24: 0.3 | H24: =+ROUND((E24*F24*G24*$E$21),0) -> 0
C25: Residente de obra de la Interventoría | E25: 1 | F25: 1 | H25: =+ROUND((E25*F25*G25*$E$21),0) -> 0
C26: Especialista Estructural | E26: 1 | F26: 0.2 | H26: =+ROUND((E26*F26*G26*$E$21),0) -> 0
C27: Profesional de calidad | E27: 1 | F27: 0.2 | H27: =+ROUND((E27*F27*G27*$E$21),0) -> 0
C28: Profesional de seguridad industrial | E28: 1 | F28: 0.2 | H28: =+ROUND((E28*F28*G28*$E$21),0) -> 0
C29: Ingeniero Hidraulico | E29: 1 | F29: 0.2 | H29: =+ROUND((E29*F29*G29*$E$21),0) -> 0
C30: Ingeniero Electrico | E30: 1 | F30: 0.2 | H30: =+ROUND((E30*F30*G30*$E$21),0) -> 0
C31: Ingeniero de Costos y presupuestos | E31: 1 | F31: 0.2 | H31: =+ROUND((E31*F31*G31*$E$21),0) -> 0
B32: VALOR TOTAL TALENTO HUMANO | H32: =+SUM(H24:H31) -> 0
B35: CATEGORÍA DE COSTO | C35: CONCEPTO | G35: Porcentaje % | H35: Costo Total
B36: Administración y Utilidad (Nota 3) | C36: Administración | H36: =+$H$32*G36 -> 0
C37: Utilidad | H37: =+$H$32*G37 -> 0
B38: TOTAL ADMINISTRACIÓN Y UTILIDAD | H38: =+SUM(H36:H37) -> 0
B40: SUBTOTAL 1 = (TALENTO HUMANO + ADMINISTRACIÓN + UTILIDAD) | H40: =+H32+H38 -> 0
B42: CATEGORÍA DE COSTO | C42: CONCEPTO | G42: Porcentaje | H42: Costo Total
B43: IMPUESTOS | C43: ICA | G43: 0.0069 | H43: =+G43*H40 -> 0
C44: IVA | G44: 0.16 | H44: =+H40*G44 -> 0
B45: TOTAL IMPUESTOS | H45: =+SUM(H43:H44) -> 0
B47: TOTAL COTIZACIÓN | H47: =+H40+H45 -> 0
B49: La presente cotización:
B50: • Incluye todos los costos y gastos directos e indirectos en que debe incurrir el contratista durante la ejecución del contrato de acuerdo con las especificaciones de la Ficha de Condiciones Técnicas, las obligaciones tributarias de acuerdo con las normas aplicables para el tipo de servicio y contrato correspondiente, y los costos de las pólizas. • Se remite como parte del estudio de mercado, previo a la contratación, y no implica ninguna obligación de contratar. • Tiene una vigencia de 90 días a partir de la fecha de diligenciamiento.
B51: Inscripción en el Registro Único de Proponentes: Las personas naturales y jurídicas, nacionales o extranjeras, con domicilio en Colombia, interesadas en participar en procesos de contratación convocados por las entidades estatales, deben estar inscritas en el RUP, salvo las excepciones previstas de forma taxativa en la ley (Artículo 8 del Decreto 1510 de 2013). Se aclara que esta inscripción no se requiere para remitir cotización durante el estudio de mercado.

Sheet C.Z. QUIBDO
B8: SOLICITUD DE COTIZACIÓN
B10: EMPRESA: | C10: =+'C.Z. CODAZZI'!C10 -> 0 | E10: NIT: | F10: =+'C.Z. CODAZZI'!F10 -> 0 | G10: FECHA: | H10: =+'C.Z. CODAZZI'!H10 -> 0
B11: CONTACTO | C11: =+'C.Z. CODAZZI'!C11 -> 0 | E11: CARGO: | F11: =+'C.Z. CODAZZI'!F11 -> 0 | G11: TEL. CELULAR : | H11: =+'C.Z. CODAZZI'!H11 -> 0
B12: E-MAIL: | C12: =+'C.Z. CODAZZI'!C12 -> 0 | E12: DIRECCIÓN: | F12: =+'C.Z. CODAZZI'!F12 -> 0 | G12: TELEFONO FIJO: | H12: =+'C.Z. CODAZZI'!H12 -> 0
B14: Instrucciones para el diligenciamiento del formato de cotización
B15: • Por favor diligenciar solo las celdas en AMARILLO. Se deben llenar todas las casillas. • Revisar todos los requerimientos que se exponen en los documentos Fichas de Condiciones Técnicas (FCT) y Anexos; y formular su cotización en concordancia con este. • El valor de la cotización deber ser expresado en PESOS COLOMBIANOS. • Los valores unitarios deberán aproximarse por exceso o por defecto al entero más cercano. Si la cifra no está aproximada y aparece con centavos, el ICBF aproximará al entero inferior. • No modificar, agregar o quitar ningún ítem o sub-ítem.
B16: Notas generales: Nota (3) Administración y Utilidad: Establecer los porcentajes que correspondan a estos dos factores. Con respecto a la Administración, incluir en éste los costos correspondientes a demás costos indirectos relacionados en el contrato, entre ellos se deben tener en cuenta las pólizas para la legalización del contrato, gastos de oficina, papelería, gravamen al impuesto financiero (4 x mil) e imprevistos.
B18: Realizar la interventoría técnica, administrativa, financiero, ambiental y social al contrato cuyo objeto es “Realizar las adecuaciones del Centro Zonal Quibdó en el Departamento del Chocó”
B19: Notas especificas: Nota (1) El plazo de ejecución estimado es de 5 meses. Ver numeral 9 del documento Ficha de condiciones Técnicas (FCT). Nota (2) Talento Humano: Revisar el documento FCT y Anexo N°4 - Perfiles Mínimos Requeridos.
B21: Tiempo de ejecución (meses) --> | E21: 5 | F21: (Nota 1)
B23: CATEGORÍA DE COSTO | C23: CARGO (Nota 2) | E23: Personas Requeridas | F23: % En el proyecto | G23: Valor mes (honorarios o salarios mensuales) | H23: Costo Total (Periodo de ejecución)
B24: TALENTO HUMANO | C24: Director de la Interventoría | E24: 1 | F24: 0.3 | H24: =+ROUND((E24*F24*G24*$E$21),0) -> 0
C25: Residente de obra de la Interventoría | E25: 1 | F25: 1 | H25: =+ROUND((E25*F25*G25*$E$21),0) -> 0
C26: Profesional de calidad | E26: 1 | F26: 0.2 | H26: =+ROUND((E26*F26*G26*$E$21),0) -> 0
C27: Profesional de seguridad industrial | E27: 1 | F27: 0.25 | H27: =+ROUND((E27*F27*G27*$E$21),0) -> 0
C28: Ingeniero Hidraulico | E28: 1 | F28: 0.2 | H28: =+ROUND((E28*F28*G28*$E$21),0) -> 0
C29: Ingeniero Electrico | E29: 1 | F29: 0.25 | H29: =+ROUND((E29*F29*G29*$E$21),0) -> 0
C30: Ingeniero de Costos y presupuestos | E30: 1 | F30: 0.2 | H30: =+ROUND((E30*F30*G30*$E$21),0) -> 0
B31: VALOR TOTAL TALENTO HUMANO | H31: =+SUM(H24:H30) -> 0
B34: CATEGORÍA DE COSTO | C34: CONCEPTO | G34: Porcentaje % | H34: Costo Total
B35: Administración y Utilidad (Nota 3) | C35: Administración | H35: =+$H$31*G35 -> 0
C36: Utilidad | H36: =+$H$31*G36 -> 0
B37: TOTAL ADMINISTRACIÓN Y UTILIDAD | H37: =+SUM(H35:H36) -> 0
B39: SUBTOTAL 1 = (TALENTO HUMANO + ADMINISTRACIÓN + UTILIDAD) | H39: =+H31+H37 -> 0
B41: CATEGORÍA DE COSTO | C41: CONCEPTO | G41: Porcentaje | H41: Costo Total
B42: IMPUESTOS | C42: ICA | G42: 0.0069 | H42: =+G42*H39 -> 0
C43: IVA | G43: 0.16 | H43: =+H39*G43 -> 0
B44: TOTAL IMPUESTOS | H44: =+SUM(H42:H43) -> 0
B46: TOTAL COTIZACIÓN | H46: =+H39+H44 -> 0
B48: La presente cotización:
B49: • Incluye todos los costos y gastos directos e indirectos en que debe incurrir el contratista durante la ejecución del contrato de acuerdo con las especificaciones de la Ficha de Condiciones Técnicas, las obligaciones tributarias de acuerdo con las normas aplicables para el tipo de servicio y contrato correspondiente, y los costos de las pólizas. • Se remite como parte del estudio de mercado, previo a la contratación, y no implica ninguna obligación de contratar. • Tiene una vigencia de 90 días a partir de la fecha de diligenciamiento.
B50: Inscripción en el Registro Único de Proponentes: Las personas naturales y jurídicas, nacionales o extranjeras, con domicilio en Colombia, interesadas en participar en procesos de contratación convocados por las entidades estatales, deben estar inscritas en el RUP, salvo las excepciones previstas de forma taxativa en la ley (Artículo 8 del Decreto 1510 de 2013). Se aclara que esta inscripción no se requiere para remitir cotización durante el estudio de mercado.

Sheet POLIZAS
B9: CONCEPTOS A TENER EN CUENTA
B12: El presente cuadro es de carácter informativo, no se debe diligenciar. Sin embargo se entiende que la cotización incluye la totalidad de los conceptos relacionados a continuación.
B14: POLIZAS PARA LEGALIZACIÓN DEL CONTRATO
B16: CONCEPTO | D16: COBERTURA | E16: PLAZO (En Meses)
B17: Garantía de Seriedad de la oferta | D17: 0.1 | E17: Plazo de Ejecución
B18: Cumplimiento | D18: 0.2 | E18: Plazo de ejecución + 4 meses mas
B19: Salarios, Prestaciones | D19: 0.1 | E19: Plazo de ejecución + 36 meses mas
B20: Calidad de los Servicios | D20: 0.2 | E20: Plazo de ejecución + 4 meses mas
B21: Responsabilidad civil extracontraactual | D21: 0.1 | E21: Plazo de Ejecución
B22: Cobertura: Corresponde al porcentaje del valor total del contrato a amparar.

Sheet INFO EXPERIENCIA
B8: EXPERIENCIA EN CONTRATACION EN LOS ULTIMOS 5 AÑOS
B9: EXPERIENCIA EN CONTRATACION EN LOS ULTIMOS 5 AÑOS
B10: Con el fin de conocer la experiencia con la que cuentan las empresas del sector relacionada con el objeto del presente estudio de mercado, agradecemos diligenciar el cuadro que sigue:
B12: Tipo de entidad | C12: Entidad o Empresa | D12: Numero del contrato | E12: Objeto del contrato | F12: Fecha de suscripción (dd/mmm/aa) | G12: Plazo de ejecución (en años) | H12: Forma de participación (UT, consorcio, individual) | I12: % de participación | J12: Valor total ejecutado del contrato
B22: Nota: Agregar las filas necesarias para reportar la experiencia
C24: Director de Interventoría
C25: Coordinador Técnico
C26: Profesional de Sistemas
C27: Profesional Administrativo y financiero
C28: Profesional de Área Técnico nutricional
C29: Profesional en Calidad
C30: Profesional del Área social
C31: Supervisor de Campo Nutricionista
C32: Supervisor de Campo Ingeniero de Alimentos
C33: Supervisor de Campo Tecnologo de Alimentos
C34: Profesional Residente
C35: Técnico administrativo en correspondencia
... C39: Auxiliar de archivo
